 Dungeon Crawl Stone Soup version 0.28-a0-1387-g3a22ab9 (webtiles) character file.

Game seed: 15471831006897751376

2625 Dorkslayer the Slasher (level 9, -2/61 HPs)
             Began as an Octopode Fighter on Jan 2, 2022.
             Was an Initiate of Gozag.
             Slain by Duvessa (20 damage)
             ... on level 7 of the Dungeon.
             The game lasted 00:20:52 (6444 turns).

Dorkslayer the Slasher (Octopode Fighter)           Turns: 6444, Time: 00:20:53

Health: -2/61      AC:  3    Str: 19    XL:     9   Next: 60%
Magic:  9/9        EV: 13    Int: 10    God:    Gozag
Gold:   560        SH: 17    Dex: 12    Spells: 8/8 levels left

rFire   . . .      SeeInvis .   a - +1 long sword
rCold   . . .      Faith    .   o - +3 kite shield
rNeg    . . .      Spirit   .   j - +2 hat
rPois   .          Reflect  +   g - amulet of reflection
rElec   .          Harm     .   (no ring)
rCorr   .          Rampage  .   (no ring)
Will    .....                   (no ring)
Stlth   ++++......              (no ring)
HPRegen 0.20/turn               (no ring)
MPRegen 0.11/turn               (no ring)
                                (no ring)
                                (no ring)

@: studying Dodging
A: almost no armour, amphibious, 8 rings, camouflage 1, gelatinous body 1,
(nimble swimmer 1), tentacles
a: Renounce Religion, Potion Petition, Call Merchant, Bribe Branch


You were on level 7 of the Dungeon.
You worshipped Gozag.
Gozag was pleased with you.
You visited 1 branch of the dungeon, and saw 7 of its levels.

You collected 635 gold pieces.
You paid 75 gold pieces to Gozag.

Inventory:

Hand Weapons
 a - a +1 long sword (weapon)
Missiles
 b - a throwing net
 h - 24 poisoned darts (quivered)
 n - 4 boomerangs
Armour
 j - a +2 hat (worn)
 o - a +3 kite shield (worn)
Jewellery
 g - an amulet of reflection (around mantle)
Wands
 p - a wand of flame (15)
Scrolls
 c - a scroll of magic mapping
 e - a scroll of blinking
 k - 2 scrolls of amnesia
 l - a scroll of teleportation
Potions
 d - 2 potions of cancellation
 i - 2 potions of brilliance


   Skills:
 * Level 5.1 Fighting
 + Level 6.9 Long Blades
 + Level 5.6 Throwing
 * Level 6.4 Dodging
 + Level 6.2 Stealth
 + Level 5.6 Shields
 * Level 1.5 Evocations


You had 8 spell levels left.
You didn't know any spells.
Your spell library contained the following spells:

 Spells                   Type           Power      Damage    Failure   Level
 Passwall                 Tmut/Erth      0%         N/A       88%         2
 Swiftness                Air            0%         N/A       98%         3


Dungeon Overview and Level Annotations

Branches:
Dungeon (7/15)
 Temple: D:4-7

Altars:
Gozag
Ru
Vehumet

Annotations:
D:7 Duvessa


Innate Abilities, Weirdness & Mutations

You cannot wear most types of armour.
You are amphibious.
You can wear up to eight rings at the same time.
Your skin changes colour to match your surroundings (Stealth+).
Your rubbery body absorbs attacks. (AC +1, EV +1)
((You are camouflaged when in or above water. (Stealth+)))
You have tentacles for arms and can constrict up to eight enemies at once.


Message History

Things that are here:
a +0 dagger; a +0 robe
h - 21 poisoned darts (gained 1)
h - 24 poisoned darts (gained 3) Duvessa goes berserk!
Duvessa rages.
Aiming: Paralyse
Press: ? - help, Shift-Dir - straight line, f - Duvessa
Aim: Duvessa, wielding a +0 rapier and wearing a +0 scale mail (berserk, chance to affect: 35%) Duvessa easily resists.
You block Duvessa's attack.
Aiming: Paralyse
Press: ? - help, Shift-Dir - straight line, f/p - Duvessa
Aim: Duvessa, wielding a +0 rapier and wearing a +0 scale mail (berserk, chance to affect: 35%) Duvessa easily resists.
The now-empty wand crumbles to dust.
Duvessa hits you with a +0 rapier! You block Duvessa's attack.
You hit Duvessa but do no damage. Your grab misses Duvessa.
You block Duvessa's attack. x2
You slash Duvessa! You grab Duvessa. You squeeze Duvessa.
Duvessa is lightly wounded.
You constrict Duvessa. You block Duvessa's attack.
Duvessa hits you with a +0 rapier!
You slash Duvessa!
Duvessa is moderately wounded.
You constrict Duvessa, but do no damage.
You block Duvessa's attack.
You barely miss Duvessa. You squeeze Duvessa.
Duvessa is heavily wounded.
You constrict Duvessa. You block Duvessa's attack.
Duvessa hits you with a +0 rapier!
You hit Duvessa.
Duvessa is heavily wounded.
You constrict Duvessa! You block Duvessa's attack.
Duvessa hits you with a +0 rapier!
* * * LOW HITPOINT WARNING * * *
You hit Duvessa but do no damage. You squeeze Duvessa.
Duvessa is severely wounded.
You constrict Duvessa. You block Duvessa's attack.
Duvessa hits you with a +0 rapier!!
You die...
Your body crumbles into a pile of gold.

#####........###...##
####..................##
#.......#####...#........
..#..............###.....
. #...........#....###..##
..#...........#.....##..#
.....................#..##
.........................#
.........@................
.........e............#...
......................####
#.....................# #
#....................##
#....................#
#...................##
#...........<.......#
##............#.....###


You could see Duvessa (berserk).

Vanquished Creatures
  2 water moccasins
  An ice beast (D:5)
  3 black bears
  4 necrophages
  2 ogres
  A phantom (D:5)
  A kobold brigand (D:6)
  A gnoll sergeant (D:5)
  8 scorpions
  Dowan (D:7)
  2 bullfrog zombies
  3 centaur zombies
  2 jellies
  2 orc priests (D:5)
  Crazy Yiuf (D:2)
  A bullfrog skeleton (D:6)
  4 iguanas
  4 orc wizards
  A hound skeleton (D:5)
  5 gnolls
  2 howler monkey skeletons
  10 adders
  2 shadow imps (D:5)
  An adder skeleton (D:4)
  A worm (D:3)
  3 dart slugs
  8 orcs
  3 bats
  10 endoplasms
  6 giant cockroaches
  11 goblins
  2 hobgoblins
  8 kobolds
  7 quokkas
  7 ball pythons
  5 frilled lizards
  3 rats
138 creatures vanquished.

Notes
Turn   | Place    | Note
-------+----------+-------------------------------------------
     0 | D:1      | Dorkslayer the Octopode Fighter began the quest for the
                  | Orb.
     0 | D:1      | Reached XP level 1. HP: 16/16 MP: 1/1
   357 | D:1      | Reached XP level 2. HP: 17/21 MP: 2/2
  1198 | D:2      | Reached XP level 3. HP: 26/26 MP: 3/3
  1308 | D:2      | Found a radiant altar of Vehumet.
  1445 | D:2      | You fall into a shaft and drop 2 floors!
  1456 | D:4      | Noticed a scorpion
  1565 | D:3      | Reached skill level 1 in Stealth
  1565 | D:3      | Reached XP level 4. HP: 31/31 MP: 4/4
  1646 | D:2      | Found a faded altar of an unknown god.
  1963 | D:2      | Found a runed translucent door.
  1964 | D:2      | Noticed Crazy Yiuf
  1970 | D:2      | Killed Crazy Yiuf
  1971 | D:2      | Reached skill level 1 in Throwing
  2128 | D:2      | Reached XP level 5. HP: 30/36 MP: 5/5
  2194 | D:3      | Noticed a water moccasin
  2204 | D:2      | Killed a water moccasin
  2205 | D:2      | Reached XP level 6. HP: 14/43 MP: 6/6
  2761 | D:3      | Found a sacrificial altar of Ru.
  3163 | D:4      | Reached XP level 7. HP: 47/47 MP: 7/7
  3771 | D:5      | Entered Level 5 of the Dungeon
  3960 | D:5      | Found an opulent altar of Gozag.
  3968 | D:5      | Became a worshipper of Gozag Ym Sagoz the Greedy
  4188 | D:5      | Identified a scroll of acquirement
  4188 | D:5      | Acquired a manual of Dodging
  4289 | D:5      | Reached skill level 5 in Stealth
  4289 | D:5      | Reached XP level 8. HP: 50/54 MP: 8/8
  4487 | D:5      | Reached skill level 5 in Long Blades
  4739 | D:5      | Reached skill level 5 in Dodging
  4749 | D:5      | Reached skill level 5 in Throwing
  4769 | D:5      | Reached skill level 5 in Shields
  5016 | D:5      | Reached XP level 9. HP: 28/59 MP: 9/9
  6058 | D:6      | Reached skill level 5 in Fighting
  6058 | D:6      | Reached skill level 1 in Evocations
  6292 | D:7      | Noticed Dowan
  6316 | D:7      | Noticed Duvessa
  6327 | D:7      | Killed Dowan
  6444 | D:7      | Slain by Duvessa

Illustrated notes

Levels and vault maps discovered:
D:1:      lemuel_arrival_tunnels, layout_basic
D:2:      layout_basic, ebering_ecumenical_altar_mist, basic_altar,
          minmay_misc_feat_more_columns, minivault_4, nrook_loot_triangle,
          dk_noncrumbling_2, uniq_crazy_yiuf_cottage
D:3:      layout_rooms, nicolae_ru_awakened_eye
D:4:      layout_cave_pools, kennysheep_small_spiral, serial_park_tiny_2
D:5:      layout_gridville, lemuel_coloured_pillars_altar, minmay_joined_circles
D:6:      layout_basic
D:7:      layout_cave_pods, jmf_multi_god_temple,
          minmay_temple_entry_purple_smoke, uniq_pikel, uniq_duvessa

Skill      XL: |  1  2  3  4  5  6  7  8  9 |
---------------+----------------------------+-----
Stealth        | 1 2 4 5 6 |  6.2
Long Blades    | 3 4 6 |  6.9
Throwing       | 1 2 4 5 |  5.6
Dodging        | 4 5 6 |  6.4
Fighting       | 4 5 |  5.1
Shields        | 4 5 |  5.6
Evocations     | 1 |  1.5

Action                   |  1- 3 |  4- 6 |  7- 9 || total
-------------------------+-------+-------+-------++-------
Melee: Long sword        |    56 |    58 |   166 ||   280
       Tentacles         |     7 |    13 |    40 ||    60
       Constrict         |    13 |    14 |    33 ||    60
Throw: Dart              |    10 |    48 |    66 ||   124
       Boomerang         |       |       |    15 ||    15
Evoke: Wand              |       |       |     2 ||     2
  Use: Scroll            |     3 |     3 |     9 ||    15
       Potion            |       |     4 |     2 ||     6
 Stab: Sleeping          |     5 |    10 |     8 ||    23
Armor: Skin              |     7 |     1 |    30 ||    38
Dodge: Dodged            |    29 |    12 |    62 ||   103
Block: Buckler           |    16 |    27 |    26 ||    69
       Reflection        |       |     2 |     3 ||     5
       Kite shield       |       |       |   108 ||   108

Table legend: (Time is in decaauts)
 A = Elapsed time spent in this place.
 B = Non-inter-level travel time spent in this place.
 C = Inter-level travel time spent in this place.
 D = Time resting spent in this place.
 E = Time spent auto-exploring this place.
 F = Levels seen in this place.
 G = Mean time per level.
                   A        B        C        D        E       F      G
               +--------+--------+--------+--------+--------+-----+--------+
         Total |   6521 |   6521 |      0 |   1583 |   1426 |   7 |  931.6 |
       Dungeon |   6521 |   6521 |      0 |   1583 |   1426 |   7 |  931.6 |
               +--------+--------+--------+--------+--------+-----+--------+

Top non-repeatable levels by time:
     D:5: 1855 daAuts
     D:2: 1232 daAuts
     D:4: 1115 daAuts
     D:1: 1075 daAuts
     D:3: 574 daAuts
     D:6: 482 daAuts
     D:7: 184 daAuts
